 Dungeon Crawl Stone Soup version 0.29.1-1-gd02db6906a (webtiles) character file.

Game seed: 5682642502559450511

29099 Spookyspider the Thaumaturge (level 13, -4/72 HPs)
             Began as a Deep Elf Conjurer on Oct 5, 2022.
             Was an Elder of Vehumet.
             Slain by a komodo dragon (25 damage)
             ... on level 3 of the Lair of Beasts.
             The game lasted 01:23:33 (23710 turns).

Spookyspider the Thaumaturge (Deep Elf Conjurer)   Turns: 23710, Time: 01:23:33

Health: -4/72      AC: 14    Str:  4    XL:     13   Next: 13%
Magic:  2/32       EV: 20    Int: 29    God:    Vehumet [****..]
Gold:   849        SH:  0    Dex: 13    Spells: 5/38 levels left

rFire   . . .      SeeInvis .   z - +4 quarterstaff (chaos)
rCold   . . .      Faith    .   (shield currently unavailable)
rNeg    . . .      Spirit   .   E - +0 steam dragon scales
rPois   +          Reflect  .   i - +1 helmet
rElec   .          Harm     .   A - +2 cloak {rPois}
rCorr   .          Rampage  .   j - +0 pair of gloves
Will    +....                   c - +0 pair of boots
Stlth   +++.......              (no amulet)
HPRegen 0.22/turn               s - ring of wizardry
MPRegen 0.23/turn               d - +4 ring of evasion

@: no status effects
A: no striking features
a: Renounce Religion


You were on level 3 of the Lair of Beasts.
You worshipped Vehumet.
Vehumet was greatly pleased with you.
You visited 3 branches of the dungeon, and saw 17 of its levels.

You collected 849 gold pieces.

Inventory:

Hand Weapons
 z - a +4 quarterstaff of chaos (weapon)
Missiles
 L - a throwing net
Armour
 c - a +0 pair of boots (worn)
 i - a +1 helmet (worn)
 j - a +0 pair of gloves (worn)
 A - a +2 cloak of poison resistance (worn)
 E - +0 steam dragon scales (worn)
Jewellery
 d - a +4 ring of evasion (right hand)
 m - a ring of fire
 q - a ring of protection from cold
 s - a ring of wizardry (left hand)
 u - a ring of positive energy
 x - a ring of flight
 G - a ring of fire
 Q - a +6 ring of strength
Wands
 a - a wand of paralysis (2)
 g - a wand of flame (25)
 h - a wand of polymorph (6)
 w - a wand of roots (23)
 C - a wand of digging (6)
 K - a wand of light (5)
 M - a wand of mindburst (8)
Scrolls
 e - a scroll of fear
 f - 6 scrolls of amnesia
 n - 2 scrolls of immolation
 p - 3 scrolls of poison
 y - 2 scrolls of teleportation
 B - 3 scrolls of enchant weapon
 F - 4 scrolls of enchant armour
 I - 2 scrolls of summoning
 N - a scroll of vulnerability {unknown}
 P - 2 scrolls of butterflies {unknown}
 R - a scroll of identify
Potions
 b - 4 potions of attraction
 k - 4 potions of curing
 l - 2 potions of ambrosia
 o - 2 potions of berserk rage
 r - a potion of might {unknown}
 t - a potion of flight {unknown}
 v - a potion of heal wounds {unknown}
 D - 2 potions of haste {unknown}
 H - 2 potions of lignification
 J - 2 potions of mutation {unknown}
 O - a potion of invisibility {unknown}


   Skills:
 - Level 5.0 Fighting
 - Level 5.0 Armour
 - Level 10.0 Dodging
 - Level 5.0 Stealth
 + Level 13.0 Spellcasting
 - Level 12.0 Conjurations
 - Level 5.0 Hexes
 - Level 8.0 Translocations
 + Level 7.3 Fire Magic
 + Level 7.8 Earth Magic


You had 5 spell levels left.
You knew the following spells:

 Your Spells              Type           Power      Damage    Failure   Level
a - Magic Dart            Conj           100%       1d8       0%          1
b - Searing Ray           Conj           100%       2d8       1%          2
c - Iskenderun's Mystic   Conj/Tloc      67%        2d14      1%          4
d - Fulminant Prism       Conj/Hex       31%        3d16      1%          4
e - Blink                 Tloc           100%       N/A       1%          2
f - Passage of Golubria   Tloc           60%        N/A       1%          4
g - Lehudib's Crystal Sp  Conj/Erth      33%        10d8      30%         8
h - Inner Flame           Hex/Fire       53%        N/A       1%          3
i - Lee's Rapid Deconstr  Erth           29%        3d16*     1%          5

Your spell library contained the following spells:

 Spells                   Type           Power      Damage    Failure   Level
 Apportation              Tloc           100%       N/A       1%          1
 Beastly Appendage        Tmut           36%        N/A       1%          1
 Necrotise                Necr           72%        1d7       1%          1
 Summon Small Mammal      Summ           72%        N/A       1%          1
 Ensorcelled Hibernation  Hex/Ice        66%        N/A       1%          2
 Wereblood                Tmut           18%        N/A       1%          2
 Conjure Flame            Conj/Fire      66%        6-21      1%          3
 Dazzling Flash           Conj/Hex       100%       N/A       1%          3
 Gell's Gravitas          Tloc           60%        N/A       1%          3
 Ignite Poison            Fire/Tmut/Pois 33%        N/A       1%          3
 Lesser Beckoning         Tloc           60%        N/A       1%          3
 Teleport Other           Tloc           60%        N/A       1%          3
 Sticky Flame             Conj/Fire      66%        2d8       1%          4
 Manifold Assault         Tloc           60%        N/A       1%          5
 Animate Armour           Summ/Erth      82%        N/A       2%          4
 Spider Form              Tmut/Pois      18%        N/A       3%          3
 Vampiric Draining        Necr           18%        2d7       3%          3
 Anguish                  Hex/Necr       16%        N/A       4%          4
 Silence                  Hex/Air        16%        N/A       11%         5
 Agony                    Necr           18%        N/A       28%         5
 Blade Hands              Tmut           9%         N/A       28%         5
 Iron Shot                Conj/Erth      33%        9d7       1%          6
 Dispersal                Tloc           30%        N/A       6%          6


Dungeon Overview and Level Annotations

Branches:
Dungeon (13/15)            Temple (1/1) D:6            Lair (3/5) D:10
 Shoals (0/4) Lair:2          Orc (0/2) D:12
  Snake: Lair:2-3    Spider: Lair:2-3    Vaults: D:13-14

Altars:
Ashenzari
Cheibriados
Dithmenos
Elyvilon
Fedhas
Gozag
Hepliaklqana
Kikubaaqudgha
Makhleb
Nemelex Xobeh
Okawaru
Qazlal
Ru
Sif Muna
Trog
Uskayaw
Vehumet
Wu Jian
Xom
Yredelemnul
Zin
The Shining One

Shops:
D:7 (

Annotations:
D:7 3 runed translucent doors, caveywoolpert's ghost, novice HOFi
D:10 3 runed translucent doors, crabbyslav's ghost, journeyman DsVM
Lair:2 3 runed translucent doors, gromov111999's ghost, journeyman TeCj


Message History

You see here a +0 shortbow.
A komodo dragon comes into view.
The komodo dragon completely misses you.
Casting: Magic Dart (safe; 0% risk of failure)
Confirm with . or Enter, or press ? or * to list all spells.
You erupt in a blast of force!
The mystic blast hits the plant!
The plant begins to die.
The plant is lightly damaged.
The mystic blast hits the komodo dragon!
The komodo dragon is heavily wounded.
The komodo dragon hisses angrily.
The komodo dragon completely misses you.
The komodo dragon attacks as you move away!
The komodo dragon closely misses you.
A nearby plant withers and dies.
The komodo dragon attacks as you move away!
The komodo dragon completely misses you.
The komodo dragon attacks as you move away!
The komodo dragon misses you.
The komodo dragon attacks as you move away!
The komodo dragon bites you.
The komodo dragon attacks as you move away!
The komodo dragon completely misses you.
The komodo dragon attacks as you move away!
The komodo dragon bites you.
The komodo dragon attacks as you move away!
The komodo dragon bites you.
Casting: Iskenderun's Mystic Blast (safe; 1% risk of failure)
Confirm with . or Enter, or press ? or * to list all spells.
You erupt in a blast of force!
The mystic blast hits the komodo dragon!
The komodo dragon is severely wounded.
The komodo dragon completely misses you.
The komodo dragon attacks as you move away!
The komodo dragon bites you!!
* * * LOW HITPOINT WARNING * * *
There is a stone staircase leading up here.
The komodo dragon hisses menacingly.
The komodo dragon bites you!!
You die...

#####.######.....## ......
##P..#..##.#.......#. #.....
....[.................#......
....................P........
.............................
............l................
#...........................P
............l.......>.......#
............@................
.....#......................
..#..#.#....................
#.###########.#..#..........
#######.......#. ##.....P..
###........ #........##
###.......##.


You could see 2 komodo dragons.

Vanquished Creatures
  Fannar (Lair:3)
  4 hydras
  A centaur warrior (D:11)
  A two-headed ogre (D:12)
  An ugly thing (D:12)
  A wolf spider (shapeshifter) (D:11)
  A cyclops (D:11)
  A manticore (D:9)
  5 elephants (Lair:2)
  10 komodo dragons
  2 cane toads (Lair:2)
  Maggie (D:9)
  3 rime drakes (Lair:3)
  An unseen horror (D:12)
  A kobold demonologist (D:11)
  4 trolls
  3 blink frogs (Lair:3)
  A snapping turtle (Lair:2)
  Prince Ribbit (D:6)
  9 slime creatures
  3 wyverns
  3 wraiths
  29 yaks
  A steam dragon (D:9)
  2 basilisks
  Edmund (D:5)
  Menkaure (D:6)
  7 water moccasins
  4 orc warriors
  4 black bears
  A hornet zombie (D:6)
  5 ice beasts
  2 sky beasts
  5 wolves (Lair:2)
  8 centaurs
  Blork the orc (D:6)
  3 phantoms (D:6)
  4 kobold brigands (D:8)
  16 bullfrogs
  5 scorpions
  A gnoll sergeant (D:12)
  23 wights
  A water moccasin skeleton (D:6)
  5 howler monkeys
  2 bullfrog zombies (D:6)
  2 centaur zombies (D:6)
  6 orc priests
  Crazy Yiuf (D:6)
  2 bullfrog skeletons (D:6)
  2 hounds
  3 gnoll boudas
  Terence (D:2)
  5 iguanas
  8 orc wizards
  2 killer bee zombies (D:6)
  A howler monkey zombie (D:6)
  Robin (D:2)
  18 gnolls
  5 adders
  2 shadow imps (D:5)
  A white imp (D:5)
  3 ufetubi
  4 worms
  4 dart slugs
  18 orcs
  8 ball pythons
  3 bats
  9 endoplasms
  6 giant cockroaches
  11 goblins
  14 hobgoblins
  4 jackals (D:1)
  21 kobolds
  8 quokkas
  3 frilled lizards
  5 rats
370 creatures vanquished.

Vanquished Creatures (collateral kills)
  An acid dragon (D:12)
1 creature vanquished.

Vanquished Creatures (others)
  48 fulminant prisms
  76 fungi
  54 plants
  2 withered plants (D:6)
180 creatures vanquished.

Grand Total: 551 creatures vanquished

Notes
Turn   | Place    | Note
-------+----------+-------------------------------------------
     0 | D:1      | Spookyspider the Deep Elf Conjurer began the quest for the
                  | Orb.
     0 | D:1      | Reached XP level 1. HP: 10/10 MP: 6/6
   179 | D:1      | Reached XP level 2. HP: 15/15 MP: 5/8
   764 | D:1      | Reached XP level 3. HP: 19/19 MP: 7/10
   767 | D:1      | Learned a level 2 spell: Searing Ray
  1140 | D:2      | Noticed Robin
  1140 | D:2      | Found a faded altar of an unknown god.
  1249 | D:2      | Killed Robin
  1378 | D:2      | Reached skill level 4 in Spellcasting
  1482 | D:2      | Reached XP level 4. HP: 24/24 MP: 9/12
  1499 | D:2      | Noticed Terence
  1509 | D:2      | HP: 1/24 [Terence/+0 hand axe (4)]
  1510 | D:2      | Killed Terence
  1511 | D:2      | Reached skill level 5 in Conjurations
  2536 | D:3      | Reached XP level 5. HP: 28/28 MP: 11/13
  2807 | D:3      | Found an ornate altar of the Wu Jian Council.
  3301 | D:4      | Found a sacrificial altar of Ru.
  3639 | D:4      | Reached skill level 5 in Spellcasting
  3737 | D:4      | Noticed a black bear
  3743 | D:4      | Killed a black bear
  3744 | D:4      | Reached XP level 6. HP: 32/32 MP: 6/15
  3854 | D:4      | Reached skill level 5 in Dodging
  3854 | D:4      | Reached skill level 5 in Stealth
  4181 | D:4      | Learned a level 4 spell: Iskenderun's Mystic Blast
  4380 | D:5      | Entered Level 5 of the Dungeon
  4380 | D:5      | Noticed an ice beast
  4389 | D:5      | Killed an ice beast
  4390 | D:5      | Reached skill level 6 in Spellcasting
  4390 | D:5      | Reached XP level 7. HP: 36/36 MP: 3/18
  5058 | D:5      | Reached skill level 7 in Spellcasting
  5060 | D:5      | Noticed Edmund
  5859 | D:5      | Killed Edmund
  5860 | D:5      | Reached XP level 8. HP: 41/41 MP: 5/21
  6386 | D:6      | Reached skill level 8 in Spellcasting
  6659 | D:6      | Found a staircase to the Ecumenical Temple.
  6687 | Temple   | Entered the Ecumenical Temple
  6687 | Temple   | Found a transporter.
  6687 | Temple   | Found a transporter.
  6693 | Temple   | Found a transporter.
  6693 | Temple   | Found a transporter.
  6725 | Temple   | Became a worshipper of Vehumet
  6862 | D:6      | Found a shimmering blue altar of Sif Muna.
  7093 | D:6      | Noticed Blork the orc
  7106 | D:6      | Killed Blork the orc
  7264 | D:6      | Reached skill level 9 in Spellcasting
  7338 | D:6      | Reached XP level 9. HP: 38/45 MP: 4/24
  7711 | D:6      | Noticed Menkaure
  7714 | D:6      | Killed Menkaure
  7836 | D:6      | Noticed Prince Ribbit
  7842 | D:6      | Killed Prince Ribbit
  7868 | D:6      | Reached * piety under Vehumet
  7868 | D:6      | Offered knowledge of Foxfire by Vehumet.
  7963 | D:6      | Found a runed translucent door.
  7964 | D:6      | Noticed Crazy Yiuf
  8091 | D:6      | Killed Crazy Yiuf
  8232 | D:6      | Learned a level 4 spell: Fulminant Prism
  8235 | D:6      | Learned a level 2 spell: Blink
  8256 | D:7      | Reached skill level 1 in Hexes
  8258 | D:7      | Reached skill level 1 in Translocations
  8592 | D:7      | Reached skill level 10 in Spellcasting
  8868 | D:7      | Found Poeblale's Weapon Boutique.
  8912 | D:7      | Found a stormy altar of Qazlal.
  9037 | D:7      | Found a runed translucent gate.
  9037 | D:7      | Found a runed translucent gate.
  9037 | D:7      | Found a runed translucent gate.
  9037 | D:7      | Noticed caveywoolpert's ghost (novice HOFi)
  9494 | D:8      | Offered knowledge of Sandblast by Vehumet.
  9500 | D:8      | Reached XP level 10. HP: 47/50 MP: 12/26
  9635 | D:8      | Reached ** piety under Vehumet
 10466 | D:8      | Reached skill level 5 in Hexes
 10838 | D:8      | Reached skill level 10 in Dodging
 11108 | D:9      | Reached skill level 10 in Conjurations
 11339 | D:9      | Noticed Maggie
 11341 | D:9      | Reached skill level 1 in Fighting
 11467 | D:9      | Reached skill level 5 in Translocations
 11602 | D:9      | Killed Maggie
 11769 | D:9      | Noticed a manticore
 12252 | D:9      | Killed a manticore
 12680 | D:9      | Offered knowledge of Frozen Ramparts by Vehumet.
 12700 | D:9      | Reached skill level 1 in Armour
 13369 | D:9      | Learned a level 4 spell: Passage of Golubria
 13378 | D:9      | Learned a level 8 spell: Lehudib's Crystal Spear
 13514 | D:10     | Entered Level 10 of the Dungeon
 13562 | D:10     | Reached XP level 11. HP: 61/61 MP: 27/27
 13566 | D:10     | Reached *** piety under Vehumet
 13567 | D:10     | Reached skill level 1 in Earth Magic
 14071 | D:10     | Found a staircase to the Lair.
 14099 | D:10     | Offered knowledge of Inner Flame by Vehumet.
 14188 | D:9      | Learned a level 3 spell: Inner Flame
 14351 | D:10     | Noticed a five-headed hydra
 14361 | D:10     | Killed a five-headed hydra
 14653 | D:10     | Found a runed translucent gate.
 14653 | D:10     | Found a runed translucent gate.
 14654 | D:10     | Noticed an 11-headed hydra
 14660 | D:10     | Noticed crabbyslav's ghost (journeyman DsVM)
 14661 | D:10     | Found a runed translucent gate.
 14701 | D:10     | Found an iron altar of Okawaru.
 14738 | D:10     | Reached skill level 1 in Fire Magic
 14965 | D:10     | You fall into a shaft and drop 3 floors!
 15000 | D:12     | Found a staircase to the Orcish Mines.
 15480 | D:11     | Reached **** piety under Vehumet
 15764 | D:11     | Noticed an anaconda
 15764 | D:11     | a slime creature changed into an anaconda
 15767 | D:11     | an anaconda changed into a shapeshifter
 15980 | D:11     | Noticed a centaur warrior
 16021 | D:11     | Noticed a seven-headed hydra
 16030 | D:11     | Killed a seven-headed hydra
 16031 | D:11     | Reached skill level 5 in Fighting
 16163 | D:11     | Offered knowledge of Lee's Rapid Deconstruction by Vehumet.
 16287 | D:11     | Killed a centaur warrior
 17092 | D:11     | Noticed a wolf spider
 17102 | D:11     | Killed a wolf spider
 17564 | D:12     | Reached XP level 12. HP: 68/68 MP: 12/28
 18345 | D:12     | Reached skill level 11 in Spellcasting
 18345 | D:12     | Reached skill level 5 in Earth Magic
 18351 | D:12     | Learned a level 5 spell: Lee's Rapid Deconstruction
 18887 | D:12     | Noticed a two-headed ogre
 18894 | D:12     | Killed a two-headed ogre
 19224 | Lair:1   | Entered Level 1 of the Lair of Beasts
 19715 | Lair:1   | Reached skill level 5 in Fire Magic
 19950 | Lair:1   | Noticed a seven-headed hydra
 19953 | Lair:1   | Killed a seven-headed hydra
 20488 | Lair:2   | Reached skill level 5 in Armour
 20779 | Lair:2   | Found a runed translucent gate.
 20779 | Lair:2   | Found a runed translucent gate.
 20779 | Lair:2   | Found a runed translucent gate.
 20962 | Lair:2   | Found a staircase to the Shoals.
 21318 | Lair:2   | Reached skill level 12 in Spellcasting
 21575 | Lair:2   | Noticed gromov111999's ghost (journeyman TeCj)
 22629 | Lair:3   | Reached XP level 13. HP: 60/72 MP: 7/31
 23672 | Lair:3   | Noticed Fannar
 23679 | Lair:3   | Killed Fannar
 23680 | Lair:3   | Reached skill level 13 in Spellcasting
 23710 | Lair:3   | Slain by a komodo dragon

Illustrated notes

Levels and vault maps discovered:
D:1:      dpeg_arrival_shrine, layout_rooms
D:2:      layout_rooms, hellmonk_ecumenical_altar_run_dry, uniq_robin,
          uniq_terence
D:3:      layout_loops_cross, nicolae_wu_jian_immortal_techniques,
          supply_closet_lemuel
D:4:      layout_gridville, nicolae_ru_sacrificial_ziggurat
D:5:      layout_loops_ring, portal_sewer_entry_f, roderic_st_hans_cross,
          minmay_misc_feat_plants, uniq_edmund
D:6:      layout_gridville, led_sif_pool, minmay_temple_entry_statues_pillars,
          serial_undead, serial_undead_e, serial_undead_f, serial_undead_d,
          serial_undead_d, serial_undead_d, serial_undead_e, serial_undead_a,
          uniq_prince_ribbit1, uniq_menkaure, uniq_crazy_yiuf_cottage,
          uniq_blork_the_orc
D:7:      layout_gridville, mainiacjoe_overflow_catwalk, gammafunk_ghost_split,
          serial_shops, nicolae_shop_bloodbath_and_beyond,
          minmay_misc_feat_secret_circle
D:8:      layout_basic
D:9:      layout_basic, uniq_maggie
D:10:     layout_stronghold, lemuel_doored_altar, due_lair_maze_entry_diamond,
          gammafunk_ghost_hydra_chop, minivault_1
D:11:     layout_gridville
D:12:     layout_loops_ring, orc_0_dummy, hangedman_abyss_or_decor_passed
D:13:     layout_roguey, grunt_vaults_entry_tiered,
          gammafunk_ghost_wrathful_warriors, uniq_rupert
Temple:   hellmonk_temple_divided_pantheon
Lair:1:   layout_roguey, chequers_serial_rivers_large_b
Lair:2:   layout_layer_cave, minmay_shoals_entry_hut, gammafunk_ghost_necromancy
Lair:3:   layout_hall_layers, dummy_snake_entry, beast_lair_carwin_1,
          uniq_fannar

Skill      XL: |  1  2  3  4  5  6  7  8  9 10 11 12 13 |
---------------+----------------------------------------+-----
Stealth        | 3 4 5 |  5.0
Dodging        | 3 4 5 6 8 9 10 | 10.0
Spellcasting   | 4 5 6 7 9 10 12 13 | 13.0
Conjurations   | 5 6 7 8 9 11 12 | 12.0
Hexes          | 4 5 |  5.0
Translocations | 3 5 6 8 |  8.0
Fighting       | 4 5 |  5.0
Armour         | 1 3 5 |  5.0
Earth Magic    | 4 7 |  7.8
Fire Magic     | 3 6 7 |  7.3

Action                   |  1- 3 |  4- 6 |  7- 9 | 10-12 | 13-15 || total
-------------------------+-------+-------+-------+-------+-------++-------
Melee: Unarmed           |     6 |       |       |       |       ||     6
       Quarterstaff      |       |       |     9 |    38 |       ||    47
 Cast: Magic Dart        |    78 |   112 |   132 |   296 |    26 ||   644
       Searing Ray       |     3 |    15 |    44 |    78 |     2 ||   142
       Iskenderun's Myst |       |     1 |    27 |   170 |    16 ||   214
       Fulminant Prism   |       |       |     5 |    43 |       ||    48
       Blink             |       |       |       |     3 |       ||     3
       Passage of Golubr |       |       |       |     4 |       ||     4
       Lee's Rapid Decon |       |       |       |     6 |     5 ||    11
       Inner Flame       |       |       |       |       |     1 ||     1
Evoke: Wand              |       |       |     5 |     3 |       ||     8
  Use: Potion            |       |     1 |     1 |     2 |       ||     4
       Scroll            |       |       |     7 |    15 |       ||    22
Armor: Robe              |     5 |     6 |    19 |    13 |       ||    43
       Steam dragon scal |       |       |       |    37 |     1 ||    38
Dodge: Dodged            |    11 |    22 |    69 |   142 |    13 ||   257
